PL
BUFFALO WHITE WALKERS @ FT. WORTH CATTLEMEN
06/29/2041
 
TOP OF THE 1ST
Buffalo White Walkers batting - Pitching for Ft. Worth Cattlemen : LHP Allen Werner
Pitching: LHP Allen Werner
Batting: LHB Jesús Lazcano 0-0: Fly out, F6 (Popup, 6D, EV 49.4 MPH)
Batting: RHB Tom Smythe 0-0: Ball
1-0: Swinging Strike
1-1: Swinging Strike
1-2: Strikes out looking
Batting: SHB Max Bortenschlager 0-0: Called Strike
0-1: Foul Ball, location: 2F
0-2: Ball
1-2: Foul Ball, location: 2F
1-2: Foul Ball, location: 2F
1-2: Ball
2-2: Ball
3-2: Strikes out swinging
Top of the 1st over - 0 runs, 0 hits, 0 errors, 0 left on base; Buffalo 0 - Ft. Worth 0
BOTTOM OF THE 1ST
Ft. Worth Cattlemen batting - Pitching for Buffalo White Walkers : RHP Damien Hayward
Pitching: RHP Damien Hayward
Batting: RHB Dennis Wacher 0-0: Ball
1-0: Ground out 6-3 (Groundball, 6, EV 89.4 MPH)
Pitching: LHP Masamichi Nakagawa
Batting: LHB Semo Hoaloha 0-0: Ball
1-0: Ball
2-0: SINGLE (Groundball, 4MD, EV 95.6 MPH)
Batting: LHB Craig Woods 0-0: Ball
1-0: Foul Ball, location: 2F
1-1: Ball
2-1: Ball
3-1: SINGLE (Line Drive, 7LS, EV 101.9 MPH)
Semo Hoaloha to second
Batting: SHB Kolby Hay 0-0: Ball
1-0: Called Strike
1-1: Ball
2-1: Ball
3-1: Foul Ball, location: 2F
3-2: Foul Ball, location: 2F
3-2: Base on Balls
Semo Hoaloha to third
Craig Woods to second
Batting: RHB Derek Bangert 0-0: Called Strike
0-1: GRAND SLAM HOME RUN (Flyball, 7D, EV 103.1 MPH), Distance : 369 ft
Pitching: LHP Dave Dunn
Batting: LHB Count Dante 0-0: Called Strike
0-1: Ball
1-1: Ground out 4-3 (Groundball, 34, EV 107.5 MPH)
Batting: RHB Tsuneari Hirano 0-0: Ground out 5-3 (Groundball, 5L, EV 85.6 MPH)
Bottom of the 1st over - 4 runs, 3 hits, 0 errors, 0 left on base; Buffalo 0 - Ft. Worth 4
TOP OF THE 2ND
Buffalo White Walkers batting - Pitching for Ft. Worth Cattlemen : LHP Allen Werner
Batting: SHB Je-myung Yu 0-0: Swinging Strike
0-1: Swinging Strike
0-2: Ground out 5-3 (Groundball, 56, EV 110.0 MPH)
Batting: LHB Jorge Herrera 0-0: Ball
1-0: Ball
2-0: Called Strike
2-1: Called Strike
2-2: Strikes out swinging
Batting: RHB Eddie Sachs 0-0: Ball
1-0: Reached on error, E5 (Groundball, 56, EV 86.2 MPH)
Batting: RHB José Santos 0-0: Ball
1-0: Ground out 4-3 (Groundball, 4, EV 103.1 MPH)
Top of the 2nd over - 0 runs, 0 hits, 1 error, 1 left on base; Buffalo 0 - Ft. Worth 4
BOTTOM OF THE 2ND
Ft. Worth Cattlemen batting - Pitching for Buffalo White Walkers : LHP Dave Dunn
Batting: RHB Min-gook Ch'oe 0-0: Called Strike
0-1: Foul Ball, location: 2F
0-2: Ball
1-2: Fly out, F8 (Flyball, 8LS, EV 88.8 MPH)
Batting: RHB Lonnie Doble 0-0: Swinging Strike
0-1: Foul Ball, location: 2F
0-2: Ball
1-2: Strikes out swinging
Batting: RHB Dennis Wacher 0-0: Ball
1-0: Foul Ball, location: 2F
1-1: Ball
2-1: Foul Ball, location: 2F
2-2: Ground out 5-3 (Groundball, 56S, EV 88.8 MPH)
Bottom of the 2nd over - 0 runs, 0 hits, 0 errors, 0 left on base; Buffalo 0 - Ft. Worth 4
TOP OF THE 3RD
Buffalo White Walkers batting - Pitching for Ft. Worth Cattlemen : LHP Allen Werner
Batting: SHB Tom Dickinson 0-0: Ball
1-0: SINGLE (Line Drive, 34D, EV 109.4 MPH)
Batting: RHB Luis Tańón 0-0: 2-RUN HOME RUN (Flyball, 9LD, EV 106.2 MPH), Distance : 358 ft
Batting: LHB Jesús Lazcano 0-0: Called Strike
0-1: Foul Ball, location: 2F
0-2: Strikes out looking
Batting: RHB Tom Smythe 0-0: Called Strike
0-1: Swinging Strike
0-2: Ground out U3 (Groundball, 34, EV 108.1 MPH)
Batting: SHB Max Bortenschlager 0-0: Ball
1-0: Foul Ball, location: 2F
1-1: Ball
2-1: Fly out, F8 (Flyball, 8RD, EV 95.6 MPH)
Top of the 3rd over - 2 runs, 2 hits, 0 errors, 0 left on base; Buffalo 2 - Ft. Worth 4
BOTTOM OF THE 3RD
Ft. Worth Cattlemen batting - Pitching for Buffalo White Walkers : LHP Dave Dunn
Batting: LHB Semo Hoaloha 0-0: Ball
1-0: Called Strike
1-1: Called Strike
1-2: Strikes out swinging
Pitching: RHP Jeff Mahl
Batting: LHB Craig Woods 0-0: Fly out, F9 (Flyball, 9S, EV 83.1 MPH)
Batting: SHB Kolby Hay 0-0: Ball
1-0: Called Strike
1-1: Swinging Strike
1-2: Strikes out swinging
Bottom of the 3rd over - 0 runs, 0 hits, 0 errors, 0 left on base; Buffalo 2 - Ft. Worth 4
TOP OF THE 4TH
Buffalo White Walkers batting - Pitching for Ft. Worth Cattlemen : LHP Allen Werner
Batting: SHB Je-myung Yu 0-0: Fly out, F8 (Flyball, 8LD, EV 96.2 MPH)
Batting: LHB Jorge Herrera 0-0: Called Strike
0-1: Ground out U3 (Groundball, 3, EV 102.5 MPH)
Batting: RHB Eddie Sachs 0-0: SINGLE (Groundball, 56D, EV 96.9 MPH)
Batting: RHB José Santos 0-0: Foul Ball, location: 2F
0-1: Called Strike
0-2: Ball
1-2: Fly out, F4 (Line Drive, 4, EV 69.4 MPH)
Top of the 4th over - 0 runs, 1 hit, 0 errors, 1 left on base; Buffalo 2 - Ft. Worth 4
BOTTOM OF THE 4TH
Ft. Worth Cattlemen batting - Pitching for Buffalo White Walkers : RHP Jeff Mahl
Batting: RHB Derek Bangert 0-0: Ground out 2-3 (Groundball, 2R, EV 68.1 MPH)
Batting: LHB Count Dante 0-0: Ball
1-0: Foul Ball, location: 2F
1-1: Foul Ball, location: 2F
1-2: Ball
2-2: Foul Ball, location: 2F
2-2: Foul Ball, location: 2F
2-2: Fly out, F8 (Flyball, 8LM, EV 91.2 MPH)
Batting: RHB Tsuneari Hirano 0-0: Swinging Strike
0-1: Ball
1-1: Foul Ball, location: 2F
1-2: Fly out, F8 (Flyball, 89S, EV 84.4 MPH)
Bottom of the 4th over - 0 runs, 0 hits, 0 errors, 0 left on base; Buffalo 2 - Ft. Worth 4
TOP OF THE 5TH
Buffalo White Walkers batting - Pitching for Ft. Worth Cattlemen : LHP Allen Werner
Batting: SHB Tom Dickinson 0-0: Ball
1-0: Ball
2-0: Ball
3-0: Called Strike
3-1: Called Strike
3-2: Ground out 6-3 (Groundball, 6, EV 88.1 MPH)
Batting: RHB Luis Tańón 0-0: Ball
1-0: Bunted foul
1-1: Ground out 4-3 (Groundball, 34, EV 87.5 MPH)
Batting: LHB Jesús Lazcano 0-0: Ball
1-0: Called Strike
1-1: Swinging Strike
1-2: Strikes out looking
Top of the 5th over - 0 runs, 0 hits, 0 errors, 0 left on base; Buffalo 2 - Ft. Worth 4
BOTTOM OF THE 5TH
Ft. Worth Cattlemen batting - Pitching for Buffalo White Walkers : RHP Jeff Mahl
Batting: RHB Min-gook Ch'oe 0-0: Called Strike
0-1: Swinging Strike
0-2: Ball
1-2: Ball
2-2: Ball
3-2: Foul Ball, location: 2F
3-2: Foul Ball, location: 2F
3-2: Strikes out looking
Batting: RHB Lonnie Doble 0-0: Called Strike
0-1: Ball
1-1: Foul Ball, location: 2F
1-2: Foul Ball, location: 2F
1-2: Foul Ball, location: 2F
1-2: Strikes out swinging
Batting: RHB Dennis Wacher 0-0: Called Strike
0-1: Ball
1-1: Ground out 5-3 (Groundball, 56, EV 94.4 MPH)
Bottom of the 5th over - 0 runs, 0 hits, 0 errors, 0 left on base; Buffalo 2 - Ft. Worth 4
TOP OF THE 6TH
Buffalo White Walkers batting - Pitching for Ft. Worth Cattlemen : LHP Allen Werner
Batting: RHB Tom Smythe 0-0: Called Strike
0-1: Ball
1-1: Ball
2-1: Ground out 1-3 (Groundball, 34S, EV 67.5 MPH)
Batting: SHB Max Bortenschlager 0-0: SOLO HOME RUN (Flyball, 7D, EV 100.0 MPH), Distance : 380 ft
Batting: SHB Je-myung Yu 0-0: Ball
1-0: Called Strike
1-1: Ball
2-1: Foul Ball, location: 2F
2-2: Foul Ball, location: 2F
2-2: Ball
3-2: Ground out 6-3 (Groundball, 6M, EV 97.5 MPH)
Batting: LHB Jorge Herrera 0-0: Ball
1-0: Ground out U3 (Groundball, 3, EV 87.5 MPH)
Top of the 6th over - 1 run, 1 hit, 0 errors, 0 left on base; Buffalo 3 - Ft. Worth 4
BOTTOM OF THE 6TH
Ft. Worth Cattlemen batting - Pitching for Buffalo White Walkers : RHP Jeff Mahl
Batting: LHB Semo Hoaloha 0-0: Called Strike
0-1: Ball
1-1: Foul Ball, location: 2F
1-2: Fly out, F9 (Flyball, 9D, EV 88.1 MPH)
Batting: LHB Craig Woods 0-0: Ball
1-0: Foul Ball, location: 2F
1-1: Ball
2-1: Ground out 4-3 (Groundball, 4, EV 90.6 MPH)
Batting: SHB Kolby Hay 0-0: Called Strike
0-1: Swinging Strike
0-2: Strikes out swinging
Bottom of the 6th over - 0 runs, 0 hits, 0 errors, 0 left on base; Buffalo 3 - Ft. Worth 4
TOP OF THE 7TH
Buffalo White Walkers batting - Pitching for Ft. Worth Cattlemen : LHP Allen Werner
Batting: RHB Eddie Sachs 0-0: DOUBLE (Line Drive, 78XD, EV 100.0 MPH)
Batting: RHB José Santos 0-0: Called Strike
0-1: Ball
1-1: Ball
2-1: Ball
3-1: Foul Ball, location: 2F
3-2: Fly out, F7 (Flyball, 78S, EV 87.5 MPH)
Pitching: RHP Ignacio Uribe
Batting: SHB Tom Dickinson 0-0: Ball
1-0: Ball
2-0: SINGLE (Line Drive, 9LS, EV 89.4 MPH)
Eddie Sachs to third
Batting: RHB Luis Tańón 0-0: Fielders Choice at 2nd, 1-4 (Groundball, P, EV 86.9 MPH)
Batting: LHB Jesús Lazcano 0-0: Swinging Strike
Pickoff Throw to First - Out! 1-3
Top of the 7th over - 0 runs, 2 hits, 0 errors, 1 left on base; Buffalo 3 - Ft. Worth 4
BOTTOM OF THE 7TH
Ft. Worth Cattlemen batting - Pitching for Buffalo White Walkers : RHP Jeff Mahl
Pitching: RHP Keith Rojas
Batting: RHB Derek Bangert 0-0: Ball
1-0: Ground out U3 (Groundball, 3, EV 85.0 MPH)
Batting: LHB Count Dante 0-0: Ball
1-0: Ball
2-0: Foul Ball, location: 2F
2-1: Foul Ball, location: 2F
2-2: Foul Ball, location: 2F
2-2: Strikes out swinging
Batting: RHB Tsuneari Hirano 0-0: Ball
1-0: Ground out 4-3 (Groundball, 4D, EV 103.1 MPH)
Bottom of the 7th over - 0 runs, 0 hits, 0 errors, 0 left on base; Buffalo 3 - Ft. Worth 4
TOP OF THE 8TH
Buffalo White Walkers batting - Pitching for Ft. Worth Cattlemen : RHP Ignacio Uribe
Batting: LHB Jesús Lazcano 0-0: Ground out U3 (Groundball, 34, EV 86.9 MPH)
Batting: RHB Tom Smythe 0-0: Ball
1-0: Foul Ball, location: 2F
1-1: Called Strike
1-2: Fly out, F6 (Line Drive, 6, EV 66.9 MPH)
Batting: SHB Max Bortenschlager 0-0: Ball
1-0: Ball
2-0: Ball
3-0: Base on Balls
Batting: SHB Je-myung Yu 0-0: Ball
1-0: Ball
2-0: Ball
3-0: Called Strike
3-1: Foul Ball, location: 2F
3-2: Base on Balls
Max Bortenschlager to second
Batting: LHB Jorge Herrera 0-0: Foul Ball, location: 2F
0-1: Ball
1-1: Ball
2-1: 3-RUN HOME RUN (Flyball, 9D, EV 90.0 MPH), Distance : 403 ft
Pitching: RHP WyDale Curry
Batting: RHB Eddie Sachs 0-0: Called Strike
0-1: Foul Ball, location: 2F
0-2: Ball
1-2: Ball
2-2: DOUBLE (Line Drive, 7LS, EV 95.6 MPH)
Batting: RHB José Santos 0-0: SINGLE (Line Drive, 9LS, EV 105.6 MPH)
Eddie Sachs to third
Runner from 3rd tries for Home, SAFE, throw by RF to home
Batting: SHB Tom Dickinson 0-0: Called Strike
0-1: Fly out, F4 (Popup, 4, EV 76.9 MPH)
Top of the 8th over - 4 runs, 3 hits, 0 errors, 1 left on base; Buffalo 7 - Ft. Worth 4
BOTTOM OF THE 8TH
Ft. Worth Cattlemen batting - Pitching for Buffalo White Walkers : RHP Keith Rojas
Batting: RHB Min-gook Ch'oe 0-0: Swinging Strike
0-1: Ball
1-1: Ball
2-1: Swinging Strike
2-2: Fly out, F9 (Line Drive, 9, EV 92.5 MPH)
Batting: RHB Lonnie Doble 0-0: Ball
1-0: Ground out 1-3 (Groundball, 13, EV 88.8 MPH)
Batting: RHB Dennis Wacher 0-0: Fly out, F6 (Popup, 6M, EV 56.2 MPH)
Bottom of the 8th over - 0 runs, 0 hits, 0 errors, 0 left on base; Buffalo 7 - Ft. Worth 4
TOP OF THE 9TH
Buffalo White Walkers batting - Pitching for Ft. Worth Cattlemen : RHP WyDale Curry
Batting: RHB Luis Tańón 0-0: Called Strike
0-1: SINGLE (Line Drive, 8LS, EV 97.5 MPH)
Batting: LHB Jesús Lazcano 0-0: Swinging Strike
0-1: Swinging Strike
0-2: Ball
Luis Tańón steals 2nd, throwing error, E2
Luis Tańón to third
1-2: Foul Ball, location: 2F
1-2: Ball
2-2: Fly out, F8 (Flyball, 78M, EV 98.1 MPH)
Runner from 3rd tags up, OUT at HOME! 8-2
Batting: RHB Tom Smythe 0-0: Called Strike
0-1: Foul Ball, location: 2F
0-2: Ball
1-2: Fly out, F9 (Flyball, 9S, EV 84.4 MPH)
Top of the 9th over - 0 runs, 1 hit, 1 error, 0 left on base; Buffalo 7 - Ft. Worth 4
BOTTOM OF THE 9TH
Ft. Worth Cattlemen batting - Pitching for Buffalo White Walkers : RHP Keith Rojas
Pitching: RHP Kenji Aoki
Batting: LHB Semo Hoaloha 0-0: Ball
1-0: Called Strike
1-1: Ball
2-1: Fly out, F9 (Flyball, 9, EV 95.6 MPH)
Batting: LHB Craig Woods 0-0: Ball
1-0: Foul Ball, location: 2F
1-1: Ball
2-1: Foul Ball, location: 2F
2-2: Foul Ball, location: 2F
2-2: Fly out, F8 (Flyball, 8LD, EV 82.5 MPH)
Batting: SHB Kolby Hay 0-0: Fly out, F7 (Flyball, 7S, EV 95.0 MPH)
Bottom of the 9th over - 0 runs, 0 hits, 0 errors, 0 left on base; Buffalo 7 - Ft. Worth 4
Tuesday, January 5th, 2021 - OOTP Baseball 20.8 Build 74